AoeStats
← |F*ck!n| nanO''

Arabia

509605817Analyzed
1v1 RM · 4d ago on Sep 27, 2026· 50m 15s· 2 players
Game mode
Random Map
Map size
Tiny (2 player)
Population
200
Speed
Normal
Resources
Standard
Victory
Conquest
Starting age
Dark Age
Ending age
Imperial Age
RankedLock teamsTeams togetherTeam positionsShared explorationLock speedFull tech treeHidden civsTurbo modeCheats
Victory
Defeat
🇪🇸 Gurjaras · Spain
670
+14
🇨🇳 Burgundians · China
635
-14
crazypig
7:08 Double-Bit Axe
10:23 Feudal Age
12:30 Bow Saw
13:39 Horse Collar
20:50 Castle Age
20:28 Heavy Plow
21:58 Husbandry
22:20 Gold Mining
23:32 Two-Man Saw
23:04 Crop Rotation
23:56 Cavalier
28:43 Fervor
28:50 Stone Mining
29:36 Gold Shaft Mining
30:16 Squires
33:58 Burgundian Vineyards
34:14 Forging
34:11 Scale Barding Armor
34:32 Treadmill Crane
35:55 Wheelbarrow
42:21 Imperial Age
40:41 Iron Casting
40:27 Chain Barding Armor
40:56 Redemption
45:34 Block Printing
47:13 Conscription
50:34 Blast Furnace
50:27 Ballistics
|F*ck!n| nanO''
5:45 Loom
10:28 Feudal Age
11:28 Double-Bit Axe
13:38 Wheelbarrow
14:00 Horse Collar
23:09 Castle Age
21:46 Bloodlines
21:46 Scale Barding Armor
21:53 Forging
23:16 Scale Barding Armor
23:15 Stone Mining
23:19 Gold Mining
24:04 Husbandry
26:11 Iron Casting
34:15 Heavy Plow
34:42 Chain Barding Armor
40:21 Hand Cart
48:45 Kshatriyas
Connection lost

Rejoining the realm…

Still unreachable

The connection could not be restored.

Session expired

The server has moved on; the page needs a fresh start.